 Dungeon Crawl Stone Soup version 0.30-a0-242-g7bf8e6d787 (webtiles) character file.

Game seed: 15212324765109408803

598 KennySheep the Trooper (level 7, 0/74 HPs)
             Began as an Ogre Cinder Acolyte on Oct 11, 2022.
             Was an Elder of Ignis.
             Slain by an orc priest
             ... wielding a +0 flail
              (9 damage)
             ... on level 4 of the Dungeon.
             The game lasted 00:13:42 (3891 turns).

KennySheep the Trooper (Ogre Cinder Acolyte)        Turns: 3891, Time: 00:13:42

Health: 0/74       AC:  3    Str: 21    XL:     7   Next: 40%
Magic:  8/8        EV:  9    Int: 15    God:    Ignis [****..]
Gold:   167        SH:  0    Dex:  4    Spells: 8/8 levels left

rFire   + . .      SeeInvis .    v - +0 giant spiked club
rCold   . . .      Faith    .    (shield currently unavailable)
rNeg    . . .      Spirit   .    b - +0 robe
rPois   .          Reflect  .    (helmet restricted)
rElec   .          Harm     .    (no cloak)
rCorr   .          Rampage  .    (gloves unavailable)
Will    .....                    (boots unavailable)
Stlth   +.........               (no amulet)
HPRegen 0.32/turn                (no ring)
MPRegen 0.11/turn                (no ring)

@: no status effects
A: large, unfitting armour, tough skin 1
a: Renounce Religion, Fiery Armour, Foxfire Swarm, Rising Flame


You were on level 4 of the Dungeon.
You worshipped Ignis.
Ignis was greatly pleased with you.
You visited 1 branch of the dungeon, and saw 4 of its levels.
You also visited: Sewer.

You collected 167 gold pieces.

Inventory:

Hand Weapons
 a - a -1 mace of flaming
 v - a +0 giant spiked club (weapon)
Missiles
 t - 2 large rocks (quivered)
Armour
 b - a +0 robe (worn)
 j - an orb of energy
Scrolls
 c - a scroll of torment {unknown}
 e - a scroll of enchant armour
 h - 2 scrolls of noise
 k - a scroll of amnesia
 m - a scroll of vulnerability
 o - a scroll of blinking
 q - a scroll of fear {unknown}
 r - a scroll of fog {unknown}
 s - a scroll of immolation {unknown}
 u - a scroll of poison {unknown}
 y - a scroll of identify
Potions
 d - a potion of curing
 f - a potion of resistance
 i - 2 potions of cancellation
 l - a potion of magic {unknown}
 n - a potion of haste {unknown}
 p - a potion of brilliance {unknown}
 w - 3 potions of flight
 x - a potion of attraction {unknown}


   Skills:
 + Level 5.8 Fighting
 * Level 4.9 Maces & Flails
 * Level 4.2 Throwing
 + Level 2.4 Dodging
 - Level 1.2 Spellcasting
 - Level 2.6 Fire Magic


You had 8 spell levels left.
You didn't know any spells.
Your spell library contained the following spells:

 Spells                   Type           Power      Damage    Failure   Level
 Scorch                   Fire           16%        2d5       12%         2
 Slow                     Hex            0%         N/A       24%         1
 Cigotuvi's Dreadful Rot  Necr/Pois/Air  0%         N/A       36%         2
 Poisonous Vapours        Pois/Air       0%         N/A       36%         2
 Confusing Touch          Hex            0%         N/A       58%         3
 Mephitic Cloud           Conj/Pois/Air  0%         N/A       58%         3
 Vampiric Draining        Necr           0%         2d6       58%         3


Dungeon Overview and Level Annotations

Branches:
Dungeon (4/15)              Sewer (visited)
 Temple: D:4-7

Altars:
Gozag
Kikubaaqudgha
Uskayaw
Xom
Zin


Innate Abilities, Weirdness & Mutations

You are too large for most types of armour.
You have tough skin. (AC +1)


Message History

* * * LOW HITPOINT WARNING * * *
Something hits you but does no damage.
You miss something. Something hits you but does no damage.
You impale something!!
Reactivating autopickup.
You feel a bit more experienced.
The orc priest invokes the aid of Beogh against you.
Beogh smites you!
* * * LOW HITPOINT WARNING * * *
You closely miss the orc priest.
The orc priest hits you but does no damage.
The orc priest completely misses you.
You barely miss the orc priest.
The orc priest hits you but does no damage.
You closely miss the orc priest.
Your transformation is almost over.
The orc priest hits you but does no damage. x2
You hit the orc priest.
The orc priest is moderately wounded.
The orc priest hits you but does no damage.
You closely miss the orc priest.
The orc priest is moderately wounded.
The orc priest begins to cast a cantrip, but forgets the words!
The orc priest hits you with a +0 flail.
* * * LOW HITPOINT WARNING * * *
You hit the orc priest but do no damage.
The orc priest is moderately wounded.
The orc priest hits you but does no damage.
You feel better.
The orc priest hits you but does no damage.
You barely miss the orc priest.
The orc priest is moderately wounded.
The orc priest hits you but does no damage.
The orc priest looks braver for a moment.
You barely miss the orc priest.
The orc priest is moderately wounded.
You feel less wooden.
Your +0 robe unmelds from your body.
The orc priest completely misses you.
The orc priest hits you with a +0 flail!
You die...

#.......'########+.##.#.########
#..##.#.#........#.##.#.########
#..##.#.#.+####+.#..#...##~~.~~.
#..##...#.# ..#.#..#####~######
#..####.#.# #.#.#......#~#.~~~#
... #.#.#.##.#.#.######.#~###~
#... #.#o#...)#.#......#~#~#..#
###.#.+####o.#.######~#~####
#...#......@.#.# #.##.~~~
#...+########'.# #~######
#..............# ##~.~~รท~
#....##.######## #######
#.......# #. ......#.###
###############. #######.#
#............... #.#
#.#############. #.# #.#######
#.


You could see an orc priest.

Vanquished Creatures
  Menkaure (D:4)
  An ogre (D:4)
  2 kobold brigands (Sewer)
  2 orc priests (D:4)
  2 orc wizards (D:4)
  3 adders
  3 river rats
  3 worms (D:4)
  2 dart slugs
  10 orcs
  A bat (D:2)
  7 endoplasms
  5 giant cockroaches
  3 goblins
  10 hobgoblins
  A jackal (Sewer)
  9 kobolds
  3 quokkas
  8 ball pythons
  5 frilled lizards
  9 rats
90 creatures vanquished.

Vanquished Creatures (others)
  10 foxfires (Sewer)
  4 plants
14 creatures vanquished.

Grand Total: 104 creatures vanquished

Notes
Turn   | Place    | Note
-------+----------+-------------------------------------------
     0 | D:1      | KennySheep the Ogre Cinder Acolyte began the quest for the
                  | Orb.
     0 | D:1      | Reached XP level 1. HP: 24/24 MP: 2/2
   233 | D:1      | Reached XP level 2. HP: 30/32 MP: 3/3
   470 | D:2      | Found a shimmering altar of Xom.
   640 | D:2      | Reached skill level 1 in Throwing
  1098 | D:2      | Reached XP level 3. HP: 39/39 MP: 4/4
  1763 | D:3      | Found a hide-covered altar of Uskayaw.
  1763 | D:3      | Found a glowing silver altar of Zin.
  1763 | D:3      | Found an ancient bone altar of Kikubaaqudgha.
  1923 | D:3      | Reached skill level 1 in Dodging
  2120 | D:3      | Reached XP level 4. HP: 39/49 MP: 5/5
  2374 | D:3      | Found an opulent altar of Gozag.
  2791 | D:4      | Noticed Menkaure
  2800 | D:4      | Killed Menkaure
  2801 | D:4      | Reached skill level 5 in Fighting
  2801 | D:4      | Reached XP level 5. HP: 6/57 MP: 6/6
  2804 | D:4      | Reached XP level 6. HP: 6/66 MP: 7/7
  3133 | D:4      | Found a glowing drain.
  3137 | Sewer    | Entered a sewer
  3265 | Sewer    | Reached XP level 7. HP: 49/72 MP: 8/8
  3482 | Sewer    | Found a white marble altar of Elyvilon.
  3882 | D:4      | HP: 4/111 [orc priest/divine providence (12)]
  3887 | D:4      | HP: 4/111 [orc priest/+0 flail (3)]
  3891 | D:4      | Slain by an orc priest

Illustrated notes

Levels and vault maps discovered:
D:1:      enne_arrival_octagon_isle, layout_rooms
D:2:      layout_loops_corners, basic_altar, guppyfry_early_lair_pool
D:3:      layout_basic, mainiacjoe_overflow_catwalk,
          gammafunk_temple_overflow_forgotten
D:4:      layout_basic, gup_sewer_entry_spiral, hangedman_decor_riveting,
          minivault_11, uniq_menkaure

Skill      XL: |  1  2  3  4  5  6  7 |
---------------+----------------------+-----
Maces & Flails | 3 4 |  4.9
Throwing       | 1 2 3 4 |  4.2
Dodging        | 1 2 |  2.4
Fighting       | 5 |  5.8
Spellcasting   | |  1.2
Fire Magic     | |  2.6

Action                   |  1- 3 |  4- 6 |  7- 9 || total
-------------------------+-------+-------+-------++-------
Melee: Mace              |   140 |    80 |       ||   220
       Punch             |     3 |       |       ||     3
       Giant spiked club |       |    26 |    65 ||    91
Throw: Large rock        |       |     2 |       ||     2
Invok: Fiery Armour      |       |     2 |       ||     2
       Foxfire Swarm     |       |       |     1 ||     1
  Use: Scroll            |     1 |     4 |       ||     5
       Potion            |       |     3 |     3 ||     6
Armor: Robe              |    30 |    25 |    22 ||    77
       Skin              |       |     2 |    20 ||    22
Dodge: Dodged            |    77 |    45 |    22 ||   144

Table legend: (Time is in decaauts)
 A = Elapsed time spent in this place.
 B = Non-inter-level travel time spent in this place.
 C = Inter-level travel time spent in this place.
 D = Time resting spent in this place.
 E = Time spent auto-exploring this place.
 F = Levels seen in this place.
 G = Mean time per level.
                   A        B        C        D        E       F      G
               +--------+--------+--------+--------+--------+-----+--------+
         Total |   4056 |   3951 |    105 |    487 |   2660 |   5 |  811.2 |
       Dungeon |   3633 |   3528 |    105 |    298 |   2483 |   4 |  908.2 |
         Sewer |    423 |    423 |      0 |    189 |    176 |   1 |  423.0 |
               +--------+--------+--------+--------+--------+-----+--------+

Top non-repeatable levels by time:
     D:3: 1152 daAuts
     D:2: 1038 daAuts
     D:4: 969 daAuts
     D:1: 473 daAuts
   Sewer: 423 daAuts
